 Dungeon Crawl Stone Soup version 0.16-b1 (webtiles) character file.

41678 abixa the Deadly Accurate (level 14, -3/153 HPs)
             Began as an Ogre Berserker on Mar 4, 2015.
             Was the Champion of Trog.
             Killed by divine providence
             ... invoked by an orc priest
              (14 damage)
             ... on level 4 of the Orcish Mines.
             The game lasted 01:59:27 (23448 turns).

abixa the Deadly Accurate (Ogre Berserker)         Turns: 23448, Time: 01:59:27

Health: -3/153     AC: 10    Str: 25    XL:     14   Next: 16%
Magic:  14/14      EV: 16    Int:  6    God:    Trog [******]
Gold:   2004       SH:  0    Dex: 16    Spells: 0 memorised, 13 levels left

rFire  + . .     SeeInvis .     X - +5 flail (protect)
rCold  + . .     Clarity  .     g - +1 robe {rC+ rF+}
rNeg   . . .     SustAb   .     (shield restricted)
rPois  +         Gourm    .     w - +1 hat
rElec  .         Spirit   .     (no cloak)
rCorr  .         Warding  .     (gloves unavailable)
rMut   .         Stasis   .     (boots unavailable)
MR     +++..                    n - amulet of rage
Stlth  ++........               k - ring of poison resistance
                                j - +3 ring of dexterity

@: regenerating, extremely resistant to hostile enchantments, unstealthy
A: unfitting armour, tough skin 1
a: Burn Spellbooks, Berserk, Trog's Hand, Brothers in Arms, Renounce Religion,
Evoke Berserk Rage


You were on level 4 of the Orcish Mines.
You worshipped Trog.
Trog was exalted by your worship.
You were hungry.

You visited 4 branches of the dungeon, and saw 21 of its levels.
You also visited: Sewer and Ice Cave.

You collected 2036 gold pieces.
You spent 32 gold pieces at shops.

Inventory:

Hand weapons
 b - a +3 antimagic glaive
 q - a +0 blowgun
 y - a +3 antimagic great mace
 X - a +5 flail of protection (weapon)
Missiles
 c - 315 stones
 d - 99 poisoned needles
 h - 7 javelins of penetration
 p - 15 large rocks (quivered)
 s - 6 javelins
 u - 7 needles of slowing
 D - 2 poisoned javelins
 E - 4 throwing nets
 O - 6 poisoned tomahawks
 R - 47 tomahawks
Armour
 g - a +1 robe of resistance (worn)
 w - a +1 hat (worn)
Jewellery
 j - a +3 ring of dexterity (left hand)
 k - a ring of poison resistance (right hand)
 n - an amulet of rage (around neck)
 S - a +3 ring of dexterity
Magical devices
 f - a wand of draining (5)
 o - a wand of polymorph (14)
 v - a wand of frost (26)
 F - a wand of paralysis (13)
 Q - a wand of confusion (29)
 U - a wand of flame (9)
 V - a wand of frost (26)
 Z - a wand of confusion (30)
Scrolls
 e - 6 scrolls of teleportation
 i - 2 scrolls of fog
 m - a scroll of identify
 L - 6 scrolls of immolation
 P - 4 scrolls of remove curse
 Y - 2 scrolls of magic mapping
Potions
 t - 6 potions of curing
 z - 4 potions of haste
 M - a potion of cancellation
Comestibles
 a - 8 fruits
 l - a slice of pizza


   Skills:
 + Level 13.0 Fighting
 - Level 14.0 Maces & Flails
 + Level 16.9 Throwing
 - Level 1.5 Armour
 + Level 9.9 Dodging


You had 13 spell levels left.
You didn't know any spells.

Dungeon Overview and Level Annotations

Branches:
Dungeon (11/15)            Temple (1/1) D:6            Lair (5/8) D:11
  Snake (0/5) Lair:4          Orc (4/4) D:9             Elf (0/3) Orc:4
  Swamp: Lair:3-6    Shoals: Lair:3-6

Altars:
Ashenzari
Cheibriados
Dithmenos
Elyvilon
Fedhas
Gozag
Kikubaaqudgha
Makhleb
Nemelex Xobeh
Okawaru
Qazlal
Ru
Sif Muna
Trog
Vehumet
Xom
Yredelemnul
Zin
The Shining One
Beogh

Shops:
Orc:2 (   Orc:3 *

Annotations:
D:3 dig for potion


Innate Abilities, Weirdness & Mutations

You are too large for most types of armour.
You have tough skin (AC +1).


Message History

You feel somewhat more hungry. The warg bites you.
* * * LOW HITPOINT WARNING * * *
The warg bites you but does no damage.
The orc priest mumbles some strange prayers to Beogh against you.
Something smites you!
* * * LOW HITPOINT WARNING * * *
An orc comes into view. It is wielding a mace.
Evoke which item? (* to show all) (? for menu, Esc to quit)
Okay, then.
Unknown command.
Use which ability? (? or * to list)
Your skin crawls.
You feel resistant to hostile enchantments.
You feel slightly more hungry.
Your hill giant rages.
The orc wizard gestures wildly while chanting.
The orc wizard flickers and vanishes!
The warg closely misses you.
The orc priest calls down the wrath of Beogh upon you.
Something smites you!
You die...

#.#.### #.....o..## ###...#.##
......## #.#.##..## ##..####
#...#..# ##.....o## #...# .......##
##.##...#### ##..## #..)#...#
##..#.###.## #...# .(.....o##
##......#...######.##
#..(#....###......###...##.####
o..(.....##.......###.......#
#..(#....###.....@##...)#..#####
.(.(.....###.....Ch#...#)..###.####
#(.o#...)##.#.....oo..o)#..#......#
(.(.....###..........{.##..........
#()(#...# #..............((..###...
)(.(...## #.................#.#....
#))(#..# #........................
).)(..## #........................
#..)#######....)..............O....


You could see a warg, 2 orc warriors, an orc priest, an orc (wandering) and a
friendly hill giant (berserk).

Vanquished Creatures
  2 orc warlords (Orc:4)
  Fannar (Lair:2)
  Harold (Orc:4)
  A hydra (Lair:3)
  The ghost of dysrexia the Zephyrmancer, a powerful HEAE of Vehumet (Lair:2)
  Erica (Orc:2)
  A death yak (Lair:4)
  4 orc high priests (Orc:4)
  Urug (Orc:3)
  Nergalle (Orc:3)
  An ice devil (IceCv)
  The ghost of gabygaby the Geomancer, an experienced GrEE of Sif Muna (D:8)
  2 hill giants (D:10)
  Erolcha (D:11)
  An unseen horror (D:10)
  2 ice statues (IceCv)
  An oklob plant (D:11)
  7 orc knights
  A cyclops (D:11)
  A black mamba (Lair:2)
  Maurice (D:8)
  2 molten gargoyles (Lair:4)
  5 komodo dragons
  5 spiny frogs
  4 trolls
  6 blue devils (IceCv)
  Grinder (D:4)
  4 blink frogs (Lair:3)
  2 basilisks
  7 yaks
  A wyvern (D:9)
  2 hippogriffs
  2 hungry ghosts
  3 wolves (Lair:1)
  The ghost of 4thArraOfDagon the Grave Robber, an average TeNe (D:4)
  Edmund (D:8)
  A soldier ant (D:10)
  3 nagas (Lair:4)
  5 wargs
  A mottled dragon (D:9)
  11 water moccasins
  4 porcupines
  Purgy (Sewer)
  A black bear (D:9)
  A sky beast (D:5)
  5 ice beasts
  38 orc warriors
  A phantom (D:4)
  A necrophage (D:11)
  8 crocodiles
  3 centaurs
  Duvessa (D:5)
  9 ogres
  3 big kobolds
  10 giant frogs
  Blork the orc (D:4)
  A wyvern zombie (D:10)
  3 scorpions
  The ghost of Vidiiot the Sneak, a weakling DsAs (D:3)
  A crimson imp (D:10)
  5 lava snakes (Lair:4)
  A quasit (D:5)
  12 hounds
  A jelly (D:10)
  Dowan (D:5)
  A giant frog zombie (D:5)
  33 orc priests
  3 giant frog skeletons
  4 iguanas
  21 orc wizards
  4 worker ants
  9 sheep
  A hound skeleton (D:4)
  Terence (D:3)
  A worker ant zombie (D:8)
  15 gnolls
  13 adders
  A giant mite (D:3)
  33 river rats
  21 white imps
  2 worms (D:3)
  6 ufetubi (IceCv)
  An adder skeleton (D:8)
  An adder zombie (D:6)
  3 giant geckos
  2 oozes
  189 orcs
  A ball python (D:3)
  20 bats
  A bat skeleton (D:4)
  6 giant cockroaches
  16 hobgoblins
  5 quokkas
  2 giant newts
  30 goblins
  21 jackals
  21 kobolds
  16 rats
  2 plants
719 creatures vanquished.

Vanquished Creatures (others)
  4 sheep (D:4)
  A white imp (IceCv)
  An ufetubus (IceCv)
  An orc (Orc:2)
7 creatures vanquished.

Grand Total: 726 creatures vanquished

Notes
Turn   | Place    | Note
--------------------------------------------------------------
     0 | D:1      | abixa, the Ogre Berserker, began the quest for the Orb.
     0 | D:1      | Reached XP level 1. HP: 24/24 MP: 1/1
    54 | D:1      | Reached skill level 1 in Throwing
   344 | D:1      | Reached XP level 2. HP: 29/32 MP: 2/2
   613 | D:1      | Acquired Trog's second power
   977 | D:2      | Found a blossoming altar of Fedhas.
  1046 | D:2      | Reached XP level 3. HP: 37/39 MP: 3/3
  1559 | D:2      | Reached XP level 4. HP: 27/48 MP: 4/4
  1911 | D:3      | Noticed Terence
  1912 | D:3      | Killed Terence
  1927 | D:3      | Noticed Vidiiot's ghost (weakling DsAs)
  1929 | D:3      | Killed Vidiiot's ghost
  1929 | D:3      | Reached skill level 5 in Throwing
  1929 | D:3      | Reached XP level 5. HP: 54/54 MP: 5/5
  2173 | D:3      | Reached skill level 6 in Throwing
  2218 | D:3      | Reached XP level 6. HP: 55/62 MP: 6/6
  2220 | D:3      | Found a glowing drain.
  2236 | Sewer    | Entered a sewer
  2273 | Sewer    | Noticed Purgy
  2283 | Sewer    | Killed Purgy
  2582 | D:3      | Reached skill level 7 in Throwing
  2646 | D:3      | You fall through a shaft for 2 floors!
  2646 | D:5      | Entered Level 5 of the Dungeon
  2807 | D:4      | Noticed 4thArraOfDagon's ghost (average TeNe)
  2815 | D:4      | Killed 4thArraOfDagon's ghost
  2815 | D:4      | Reached skill level 8 in Throwing
  2815 | D:4      | Reached XP level 7. HP: 32/70 MP: 7/7
  3118 | D:4      | Received a gift from Trog
  3293 | D:4      | Noticed Grinder
  3299 | D:4      | Killed Grinder
  3328 | D:4      | Found a shimmering altar of Xom.
  3440 | D:4      | Reached XP level 8. HP: 53/78 MP: 8/8
  3487 | D:4      | Noticed Blork the orc
  3616 | D:4      | Killed Blork the orc
  4319 | D:5      | Noticed Dowan
  4321 | D:5      | Killed Dowan
  4321 | D:5      | Received a gift from Trog
  4322 | D:5      | Noticed Duvessa
  4327 | D:5      | Killed Duvessa
  4355 | D:5      | Reached skill level 9 in Maces & Flails
  4547 | D:5      | Acquired Trog's third power
  4695 | D:5      | Reached skill level 10 in Maces & Flails
  5171 | D:6      | Reached XP level 9. HP: 74/84 MP: 9/9
  5789 | D:6      | Reached skill level 11 in Maces & Flails
  5900 | D:6      | Found a staircase to the Ecumenical Temple.
  5932 | Temple   | Entered the Ecumenical Temple
  6102 | D:6      | Received a gift from Trog
  6434 | D:7      | Reached skill level 10 in Throwing
  6785 | D:8      | Noticed gabygaby's ghost (experienced GrEE)
  6793 | D:8      | Killed gabygaby's ghost
  6953 | D:8      | Noticed Edmund
  6970 | D:8      | Killed Edmund
  6970 | D:8      | Reached XP level 10. HP: 57/98 MP: 10/10
  7372 | D:8      | Found a bloodstained altar of Trog.
  7375 | D:8      | Found an opulent altar of Gozag.
  7618 | D:8      | Noticed Maurice
  8290 | D:8      | Killed Maurice
  8461 | D:9      | Found a staircase to the Orcish Mines.
  8478 | D:9      | Received a gift from Trog
  9060 | D:9      | Found a sparkling altar of Nemelex Xobeh.
  9256 | D:10     | Entered Level 10 of the Dungeon
  9280 | D:10     | Reached skill level 5 in Dodging
  9557 | D:10     | Reached skill level 12 in Throwing
  9574 | D:10     | Killed an unseen horror
  9577 | D:10     | Noticed a hill giant
  9600 | D:10     | HP: 4/98 [kobold/whip (3)]
  9979 | D:10     | Noticed a hill giant
  9985 | D:10     | Killed a hill giant
  9985 | D:10     | Reached skill level 13 in Throwing
  9999 | D:10     | Killed a hill giant
  9999 | D:10     | Reached XP level 11. HP: 105/105 MP: 11/11
 10738 | D:11     | Noticed Erolcha
 10745 | D:11     | Killed Erolcha
 10773 | D:11     | Found a staircase to the Lair.
 11262 | Lair:1   | Entered Level 1 of the Lair of Beasts
 11281 | Lair:1   | Received a gift from Trog
 11281 | Lair:1   | Reached skill level 14 in Throwing
 11425 | Lair:1   | Received a gift from Trog
 11465 | Lair:1   | Found a frozen archway.
 11531 | IceCv    | Entered an ice cave
 11590 | IceCv    | Noticed an ice statue
 11590 | IceCv    | Noticed an ice statue
 11598 | IceCv    | Killed an ice statue
 11745 | IceCv    | Killed an ice statue
 12008 | IceCv    | Reached XP level 12. HP: 95/115 MP: 12/12
 12027 | IceCv    | Noticed an ice devil
 12033 | IceCv    | Killed an ice devil
 12389 | Lair:2   | Noticed dysrexia's ghost (powerful HEAE)
 12393 | Lair:2   | Killed dysrexia's ghost
 12448 | Lair:2   | Noticed Fannar
 12456 | Lair:2   | Killed Fannar
 12547 | Lair:2   | Reached skill level 15 in Throwing
 13927 | Lair:3   | Noticed a seven-headed hydra
 14324 | Lair:3   | Received a gift from Trog
 14440 | Lair:3   | Killed a seven-headed hydra
 15108 | Lair:4   | Found a staircase to the Snake Pit.
 15371 | Lair:4   | Reached skill level 10 in Fighting
 15371 | Lair:4   | Reached XP level 13. HP: 119/133 MP: 13/13
 16269 | Lair:4   | Received a gift from Trog
 16560 | Orc:1    | Entered Level 1 of the Orcish Mines
 16867 | Orc:1    | Reached skill level 16 in Throwing
 17342 | Orc:2    | Received a gift from Trog
 17415 | Orc:2    | Noticed Erica
 17629 | Orc:2    | Killed Erica
 18677 | Orc:2    | Received a gift from Trog
 19270 | Orc:2    | Received a gift from Trog
 19445 | Orc:3    | Found Astronub's General Store.
 19445 | Orc:3    | Noticed Nergalle
 19451 | Orc:3    | Killed Nergalle
 19490 | Orc:3    | Bought a scroll of identify for 32 gold pieces
 19699 | Orc:3    | Found a roughly hewn altar of Beogh.
 20092 | Orc:3    | Received a gift from Trog
 20098 | Orc:3    | Noticed Urug
 20103 | Orc:3    | Killed Urug
 20350 | Orc:2    | Found Inuemuasch's Antique Weapon Emporium.
 20624 | Orc:4    | Entered Level 4 of the Orcish Mines
 20918 | Orc:4    | Noticed an orc warlord
 20945 | Orc:3    | Received a gift from Trog
 21300 | Orc:4    | Received a gift from Trog
 21400 | Orc:4    | Noticed Harold
 21403 | Orc:4    | Killed Harold
 21445 | Orc:4    | Found a staircase to the Elven Halls.
 21760 | Orc:4    | Killed an orc warlord
 22390 | Orc:4    | Received a gift from Trog
 22897 | Orc:4    | Reached XP level 14. HP: 112/150 MP: 14/14
 23341 | Orc:4    | Noticed an orc warlord
 23444 | Orc:4    | Killed an orc warlord
 23448 | Orc:4    | Killed from afar by an orc priest

Action                   |  1- 3 |  4- 6 |  7- 9 | 10-12 | 13-15 || total
-------------------------+-------+-------+-------+-------+-------++-------
Melee: Mace              |    75 |       |       |       |       ||    75
       Flail             |    12 |    80 |    27 |   359 |   466 ||   944
       Whip              |       |       |   327 |    93 |       ||   420
       Great mace        |       |       |       |       |    54 ||    54
 Fire: Blowgun           |       |     2 |     5 |       |    52 ||    59
Throw: Stone             |    60 |   106 |   182 |   317 |   403 ||  1068
       Large rock        |       |    20 |    51 |   108 |    84 ||   263
       Tomahawk          |       |       |    58 |    88 |    15 ||   161
       Javelin           |       |       |     2 |       |       ||     2
Invok: Berserk           |       |     1 |       |     2 |       ||     3
       Trog's Hand       |       |       |       |     1 |     3 ||     4
       Brothers in Arms  |       |       |       |       |     1 ||     1
Evoke: Wand              |       |       |       |       |     2 ||     2
  Use: Scroll            |       |       |    11 |     8 |     2 ||    21
 Stab: Sleeping          |       |       |       |     2 |     1 ||     3
  Eat: Chunk             |       |     4 |    12 |    21 |    25 ||    62
       Fruit             |       |     2 |     2 |     3 |       ||     7
       Pizza             |       |       |       |     1 |       ||     1
       Beef jerky        |       |       |       |     3 |       ||     3
